 Dungeon Crawl Stone Soup version 0.13-a0-2318-gf5ad1f9 (webtiles) character file.

10505 Kae the Basher (level 11, 0/90 HPs)
             Began as a Minotaur Berserker on July 10, 2013.
             Was a High Priest of Trog.
             Slain by an unseen horror (5 damage)
             ... on Level 11 of the Dungeon.
             The game lasted 00:19:12 (10402 turns).

Kae the Basher (Minotaur Berserker)                Turns: 10402, Time: 00:19:12

HP   0/90        AC 18     Str 23      XL: 11   Next: 30%
MP   0/11        EV  5     Int  9      God: Trog [*****.]
Gold 472         SH 23     Dex 10      Spells:  0 memorised, 10 levels left

Res.Fire  : . . .   See Invis. : .   a - +1,-1 mace
Res.Cold  : . . .   Warding    : .   D - +0 orc plate armour
Life Prot.: . . .   Conserve   : .   k - +0 shield
Res.Poison: .       Res.Corr.  : .   (helmet restricted)
Res.Elec. : .       Clarity    : .   (no cloak)
Sust.Abil.: . .     Spirit.Shd : +   L - +0 pair of gloves (curse)
Res.Mut.  : .       Stasis     : .   (no boots)
Res.Rott. : .       Flight     : .   b - amulet of guardian spirit
Saprovore : . . .                    E - +3 ring of intelligence
                                     g - +3 ring of protection

@: very slightly contaminated, somewhat resistant to hostile enchantments,
extremely unstealthy
A: retaliatory headbutt, horns 2
a: Burn Spellbooks, Berserk, Trog's Hand, Brothers in Arms, Renounce Religion


You were on level 11 of the Dungeon.
You worshipped Trog.
Trog was exalted by your worship.
You were hungry.

You visited 1 branch of the dungeon, and saw 11 of its levels.

You collected 578 gold pieces.
You spent 126 gold pieces at shops.

Inventory:

Hand weapons
 a - a +1,-1 mace (weapon)
 R - a +2,+0 orcish dagger of speed (quivered)
Armour
 k - a +0 shield (worn)
 y - a +0 pair of gloves
 D - a +0 orcish plate armour (worn)
 L - a cursed +0 pair of gloves (worn)
Magical devices
 m - a wand of teleportation (3)
 A - a wand of magic darts (6)
 C - a wand of random effects (11)
 F - a wand of teleportation (5)
 O - a wand of magic darts (13)
 Q - a wand of confusion (13) {unknown}
Comestibles
 c - 5 bread rations
 f - a royal jelly
 n - a meat ration
 p - 13 pears
 v - 9 strawberries
 J - 4 apples
 M - 7 chokos
 P - a banana
Scrolls
 q - a scroll of blinking
 t - 2 scrolls of enchant weapon II
 w - 5 scrolls of magic mapping
 x - 9 scrolls of remove curse
 H - a scroll of fog
 K - 4 scrolls of teleportation
 N - 2 scrolls of enchant weapon I
Jewellery
 b - an amulet of guardian spirit (around neck)
 g - a +3 ring of protection (left hand)
 j - an uncursed amulet of conservation
 o - an uncursed ring of fire
 z - an uncursed ring of see invisible
 B - an uncursed amulet of stasis
 E - a +3 ring of intelligence (right hand)
Potions
 d - 3 potions of agility
 e - a potion of brilliance {unknown}
 h - 2 potions of speed
 i - a potion of might {unknown}
 l - 8 potions of curing
 s - 4 potions of heal wounds
 u - 2 potions of flight
 I - 2 potions of berserk rage
Books
 S - the Collected Works on Transformation
   (You found it on level 10 of the Dungeon)

   Spells                             Type                      Level
   Stoneskin                          Transmutation/Earth          2
   Ignite Poison                      Fire/Transmutation           5
   Statue Form                        Transmutation/Earth          6
   Trog disapproves of the use of such an item.
 T - a book of Fire

   Spells                             Type                      Level
   Fire Brand                         Charms/Fire                  2
   Ignite Poison                      Fire/Transmutation           5
   Fireball                           Conjuration/Fire             5
   Bolt of Fire                       Conjuration/Fire             6
   Delayed Fireball                   Conjuration/Fire             7
   Ring of Flames                     Charms/Fire                  7
   Trog disapproves of the use of such an item.
Miscellaneous
 r - a plain deck of summonings


   Skills:
 + Level 7.1 Fighting
 + Level 14.5 Maces & Flails
 * Level 9.4 Armour
 - Level 2.1 Dodging
 + Level 9.0 Shields
 + Level 4.8 Evocations


You had 10 spell levels left.
You didn't know any spells.

Dungeon Overview and Level Annotations

Branches:
Dungeon (11/27)            Temple (0/1) D:6
    Orc: D:6-11        Lair: D:8-13

Altars:
Cheibriados
Elyvilon
Kikubaaqudgha
Makhleb
Okawaru

Shops:
D:9: =+/ D:11: !

Portals:
Ziggurat: D:7 (7880 gp) D:9 (3750 gp)


Innate Abilities, Weirdness & Mutations

You reflexively headbutt those who attack you in melee.
You have a pair of horns on your head.


Message History

The skeletal warrior hits you with a dwarven short sword.
The skeletal warrior hits you with an orcish great mace!
* * * LOW HITPOINT WARNING * * *
It hits you!
* * * LOW HITPOINT WARNING * * *
Read which item? (? for menu, Esc to quit)
Blink to where?
Press: ? - help, Dir - move target cursor
As you read the scroll of blinking, it crumbles to dust.
You are very lightly contaminated with residual magic.
You block its attack. It hits you.
* * * LOW HITPOINT WARNING * * *
It hits you but does no damage. It hits you but does no damage.
It hits you but does no damage. It hits you but does no damage.
There is a stone staircase leading up here.
It hits you.
You die...

#.# #..# #.#
#..####### #.#
#........#
##.#####.# #.#
##.#### ####.....#
#........# ####
...#.....@# #.. ...
#......# #.# .
#......# #.#
#######.### #.#
..#....# #.#
#.#.##.# #.#
##.#.##.###. ##.#
#...........#
...#####.......####


There were no monsters in sight!

Vanquished Creatures
  The ghost of Infinimo the Severer, a powerful HOFi of Okawaru (D:10)
  The ghost of Bruce the Spear-Bearer, an experienced MfCK of Xom (D:9)
  Erolcha (D:9)
  Joseph (D:9)
  A griffon (D:10)
  Grinder (D:4)
  A deep dwarf artificer (D:9)
  The ghost of disskorpion the Spear-Bearer, an average MfDK of Yredelemnul (D:5)
  A trapdoor spider (D:10)
  A hydra skeleton (D:9)
  A wyvern (D:10)
  A shark (D:11)
  2 hippogriffs
  Eustachio (D:7)
  A hill giant skeleton (D:8)
  A manticore (D:6)
  A soldier ant (D:11)
  A phantom (D:5)
  4 orc warriors
  2 sky beasts (D:6)
  6 ogres
  2 ice beasts
  5 centaurs
  Duvessa (D:7)
  A big kobold (D:10)
  A water moccasin (D:7)
  6 giant frogs
  2 cyclops zombies
  An eye of draining (D:11)
  A troll zombie (D:10)
  A jellyfish (D:11)
  20 wights
  3 goliath beetles
  5 crimson imps
  A giant frog zombie (D:10)
  Dowan (D:7)
  4 hounds
  6 orc priests
  A quasit (D:6)
  10 orc wizards
  2 iguanas
  8 worker ants
  An ogre zombie (D:5)
  Jessica (D:2)
  2 jellies
  A crocodile skeleton (D:6)
  12 adders
  A lemure (D:7)
  A worm zombie (D:5)
  3 giant mites
  6 worms
  An adder skeleton (D:6)
  2 giant eyeballs (D:5)
  4 giant geckos
  2 oozes
  44 orcs
  A bat skeleton (D:6)
  2 bat zombies (D:9)
  5 giant cockroaches
  9 goblins
  18 hobgoblins
  16 jackals
  4 quokkas
  2 ball pythons (D:2)
  13 bats
  5 giant newts
  A giant spore (D:9)
  2 goblin skeletons
  A hobgoblin skeleton (D:6)
  13 kobolds
  An orc zombie (D:5)
  A quokka zombie (D:6)
  10 rats
  2 rat skeletons
  3 rat zombies (D:9)
  9 ballistomycetes
312 creatures vanquished.

Vanquished Creatures (others)
  An orc (D:7)
  A giant spore (D:8)
  A quokka (D:4)
3 creatures vanquished.

Grand Total: 315 creatures vanquished

Notes
Turn   | Place    | Note
--------------------------------------------------------------
     0 | D:1      | Kae, the Minotaur Berserker, began the quest for the Orb.
     0 | D:1      | Reached XP level 1. HP: 19/19 MP: 0/0
   193 | D:1      | Reached skill level 4 in Maces & Flails
   210 | D:1      | Reached XP level 2. HP: 26/26 MP: 0/0
   447 | D:1      | Acquired Trog's second power
   610 | D:2      | Reached skill level 5 in Maces & Flails
   610 | D:2      | Reached XP level 3. HP: 27/33 MP: 1/1
   962 | D:2      | Reached XP level 4. HP: 16/39 MP: 1/1
  1181 | D:2      | Reached skill level 6 in Maces & Flails
  1219 | D:2      | Noticed Jessica
  1223 | D:2      | Killed Jessica
  1762 | D:3      | Reached XP level 5. HP: 35/46 MP: 1/1
  1867 | D:3      | Found a burning altar of Makhleb.
  1872 | D:3      | Reached skill level 7 in Maces & Flails
  2419 | D:4      | Reached skill level 8 in Maces & Flails
  2419 | D:4      | Reached XP level 6. HP: 29/52 MP: 2/2
  2595 | D:4      | Noticed Grinder
  2606 | D:4      | Killed Grinder
  2606 | D:4      | Reached skill level 9 in Maces & Flails
  2606 | D:4      | Reached XP level 7. HP: 57/59 MP: 2/2
  2706 | D:4      | Noticed an ogre
  2713 | D:4      | Killed an ogre
  2713 | D:4      | Reached skill level 10 in Maces & Flails
  2831 | D:4      | Found a white marble altar of Elyvilon.
  3097 | D:4      | Noticed an ogre
  3110 | D:4      | Killed an ogre
  3308 | D:4      | Acquired Trog's third power
  3457 | D:4      | Reached skill level 11 in Maces & Flails
  3472 | D:5      | Entered Level 5 of the Dungeon
  3476 | D:5      | Paralysed by a giant eyeball for 3 turns
  3629 | D:5      | Noticed disskorpion's ghost (average MfDK)
  3645 | D:5      | Killed disskorpion's ghost
  3645 | D:5      | Reached XP level 8. HP: 52/66 MP: 2/2
  3890 | D:5      | Reached skill level 12 in Maces & Flails
  4544 | D:5      | Reached skill level 13 in Maces & Flails
  4974 | D:6      | Found a staircase to the Ecumenical Temple.
  5054 | D:6      | Reached XP level 9. HP: 20/72 MP: 3/3
  5310 | D:6      | Reached skill level 14 in Maces & Flails
  5913 | D:6      | Reached skill level 1 in Shields
  6095 | D:7      | Noticed Eustachio
  6108 | D:7      | Killed Eustachio
  6138 | D:7      | Found a gateway to a ziggurat.
  6250 | D:7      | Reached skill level 5 in Shields
  6279 | D:7      | Found a snail-covered altar of Cheibriados.
  6837 | D:7      | Noticed Dowan
  6845 | D:7      | Killed Dowan
  6846 | D:7      | Noticed Duvessa
  6854 | D:7      | Killed Duvessa
  7207 | D:8      | Reached XP level 10. HP: 80/80 MP: 2/4
  7213 | D:8      | Reached skill level 1 in Evocations
  7285 | D:8      | Reached skill level 5 in Armour
  7708 | D:8      | Reached skill level 5 in Fighting
  8007 | D:9      | Noticed Joseph
  8029 | D:9      | Killed Joseph
  8047 | D:9      | Noticed Erolcha
  8056 | D:9      | Killed Erolcha
  8241 | D:9      | Found a gateway to a ziggurat.
  8281 | D:9      | Found Bompapua's Jewellery Emporium.
  8632 | D:9      | Found an ancient bone altar of Kikubaaqudgha.
  8668 | D:9      | Noticed Bruce's ghost (experienced MfCK)
  8731 | D:9      | Killed Bruce's ghost
  8758 | D:9      | Found Xuaraa's Magical Wand Shoppe.
  8772 | D:9      | Found Kyj Kluss' Book Shop.
  8824 | D:10     | Entered Level 10 of the Dungeon
  9110 | D:10     | Noticed Infinimo's ghost (powerful HOFi)
  9132 | D:10     | Killed Infinimo's ghost
  9132 | D:10     | Reached XP level 11. HP: 69/90 MP: 5/10
  9176 | D:10     | Found an iron altar of Okawaru.
  9957 | D:10     | Noticed a griffon
  9974 | D:10     | Killed a griffon
  9980 | D:10     | Identified the Collected Works on Transformation (You found it on level 10 of the Dungeon)
 10076 | D:11     | Found Pistrom's Distillery.
 10101 | D:11     | Bought a potion of speed for 66 gold pieces
 10101 | D:11     | Bought a potion of confusion for 12 gold pieces
 10101 | D:11     | Bought a potion of slowing for 12 gold pieces
 10101 | D:11     | Bought a potion of berserk rage for 36 gold pieces
 10207 | D:11     | Received a gift from Trog
 10381 | D:11     | Noticed a skeletal warrior
 10382 | D:11     | Noticed a skeletal warrior
 10385 | D:11     | Noticed a skeletal warrior
 10397 | D:11     | HP: 4/90 [something (2)]
 10402 | D:11     | Slain by an unseen horror

Action                   |  1- 3 |  4- 6 |  7- 9 | 10-12 || total
-------------------------+-------+-------+-------+-------++-------
Melee: Mace              |    63 |   115 |   508 |   553 ||  1239
Invok: Trog's Hand       |       |     1 |     7 |     7 ||    15
       Berserk           |       |     1 |     3 |     2 ||     6
Evoke: Wand              |       |       |     4 |       ||     4
  Use: Scroll            |       |     7 |     9 |     9 ||    25
